 Dungeon Crawl Stone Soup version 0.27-a0-860-gaf99fae3ca (webtiles) character file.

Game seed: 1713689605031023863

1214 lunkers the Transmogrifier (level 8, -2/54 HPs)
             Began as a Merfolk Transmuter on Apr 1, 2021.
             Was a Believer of Okawaru.
             Succumbed to a gnoll shaman's poison
             ... on level 4 of the Dungeon.
             The game lasted 00:08:17 (7270 turns).

lunkers the Transmogrifier (Merfolk Transmuter)     Turns: 7270, Time: 00:08:17

Health: -2/54      AC:  2    Str: 10    XL:     8   Next: 46%
Magic:  8/11       EV: 20    Int: 13    God:    Okawaru [**....]
Gold:   244        SH:  0    Dex: 21    Spells: 2/11 levels left

rFire    . . .     SeeInvis .     - Unarmed
rCold    . . .     Faith    .   (shield currently unavailable)
rNeg     . . .     Spirit   .   (armour currently unavailable)
rPois    x         Reflect  .   (helmet currently unavailable)
rElec    .         Harm     .   (cloak currently unavailable)
rCorr    .         Rampage  .   (gloves currently unavailable)
Will     .....                  (boots currently unavailable)
Stlth    ++........             (no amulet)
HPRegen  0.18/turn              (no ring)
MPRegen  0.12/turn              (no ring)

@: lethally poisoned (-2 -> -26), spider-form
A: venomous fangs, tiny, (nimble swimmer 2), (mertail)
a: End Transformation, Renounce Religion, Heroism


You were on level 4 of the Dungeon.
You worshipped Okawaru.
Okawaru was pleased with you.
You were a venomous arachnid creature.
You visited 1 branch of the dungeon, and saw 5 of its levels.

You collected 244 gold pieces.

Inventory:

Armour
 a - a +0 robe (melded)
Wands
 j - a wand of digging (6)
Scrolls
 b - a scroll of vulnerability {unknown}
 d - 4 scrolls of enchant armour {unknown}
 f - 5 scrolls of identify {unknown}
 g - 3 scrolls of teleportation {unknown}
 i - a scroll of fog {unknown}
 l - a scroll of amnesia {unknown}
 m - a scroll of fear {unknown}
 n - a scroll of noise {unknown}
 o - a scroll of silence {unknown}
 r - a scroll of blinking {unknown}
Potions
 c - a potion of berserk rage {unknown}
 e - a potion of attraction {unknown}
 k - a potion of flight {unknown}
 p - a potion of ambrosia {unknown}
 q - a potion of cancellation {unknown}


   Skills:
 - Level 1.1 Fighting
 - Level 2.6 Dodging
 + Level 8.3 Unarmed Combat
 - Level 2.0 Spellcasting
 + Level 9.5 Transmutations


You had 2 spell levels left.
You knew the following spells:

 Your Spells              Type           Power      Damage    Failure   Level
b - Spider Form           Tmut/Pois      6%         N/A       26%         3
c - Hydra Form            Tmut           13%        N/A       32%         5
p - Beastly Appendage     Tmut           52%        N/A       3%          1

Your spell library contained the following spells:

 Spells                   Type           Power      Damage    Failure   Level
 Wereblood                Tmut           26%        N/A       4%          2
 Ice Form                 Ice/Tmut       13%        N/A       56%         4


Dungeon Overview and Level Annotations

Branches:
Dungeon (5/15)
 Temple: D:4-7

Altars:
Ashenzari
Kikubaaqudgha
Okawaru

Shops:
D:1 :   D:2 [

Annotations:
D:5 3 runed translucent doors, thegreatwait's ghost, novice FoFi


Innate Abilities, Weirdness & Mutations

You are a venomous arachnid creature.
You have poisonous fangs.
You are tiny and dextrous.
Your spellcasting is less reliable in this form.
Your armour is entirely melded.
You are incapable of wielding weapons or throwing items.
((You are quick and stealthy near water. (Stealth+, EV+, Speed+++)))
((Your lower body shifts to a powerful aquatic tail in water.))


Message History

You start resting.
HP restored.
You climb downwards.
Level annotation: 3 runed translucent doors, thegreatwait's ghost, novice FoFi
There is a stone staircase leading up, spattered with blood here.
Casting: Spider Form (dangerous; 11% risk of failure)
Confirm with . or Enter, or press ? or * to list all spells.
You turn into a venomous arachnid creature.
Your +0 robe melds into your body.
The gnoll shaman completely misses you.
You barely miss the gnoll shaman. The gnoll misses you.
The gnoll shaman hits you with a +1 whip of venom!
You are poisoned.
You hit the gnoll shaman.
The gnoll shaman is moderately wounded.
You feel very sick. The gnoll completely misses you.
The gnoll shaman completely misses you.
You bite the gnoll shaman!
The gnoll shaman is almost dead.
You feel very sick.
The gnoll hits you from afar with a +4 spear of freezing!
* * * LOW HITPOINT WARNING * * *
The gnoll freezes you.
* * * LOW HITPOINT WARNING * * *
The gnoll shaman prays to its god.
The gnoll shaman is healed somewhat.
* * * LOW HITPOINT WARNING * * *
You feel very sick. The gnoll closely misses you.
The gnoll shaman hits you with a +1 whip of venom!
* * * LOW HITPOINT WARNING * * *
You are more poisoned.
You climb upwards.
* * * LOW HITPOINT WARNING * * *
You feel extremely sick.
There is a stone staircase leading down here.
Unknown command.
Unknown command.
You hit the gnoll shaman.
The gnoll shaman is poisoned.
The gnoll shaman is severely wounded.
You die...

#.#############.#'####.####.##
#.# #...............#...#<..#
#.# #.............).###.#...#
#.# #.†...............#.#...#
#.# ##########.....##.#.#...#
#.# #########.....##.#.#...#
#.# ##.....))..#'#.##.#.#...#
#.####.....######.#.##.#.###..
#.##.........s....#..)...#####
#.##........g.########.##.....
#.#....###....#........##.###.
#(.....#_#....#.#......)..####
###....#+#....#.#.............
######.######.#.#....#######
#.# ##.#......#...... #.#
#.........#.#....
###.#####..######........


You could see a gnoll shaman (very poisoned).

Vanquished Creatures
  A necrophage (D:5)
  An ice beast (D:5)
  A hornet zombie (D:5)
  2 ogres (D:5)
  A phantom (D:5)
  2 scorpions
  2 water moccasin zombies (D:5)
  A water moccasin skeleton (D:5)
  A howler monkey (D:3)
  A jelly (D:4)
  A bullfrog skeleton (D:5)
  A hound (D:5)
  2 orc priests (D:5)
  Terence (D:2)
  An iguana (D:5)
  7 adders
  4 gnolls
  A white imp (D:5)
  An ufetubus (D:5)
  A worm (D:2)
  2 dart slugs
  6 orcs
  4 endoplasms
  3 giant cockroaches
  4 goblins
  4 hobgoblins
  9 jackals
  2 quokkas
  4 ball pythons
  5 bats
  A frilled lizard (D:1)
  5 kobolds
  6 rats
88 creatures vanquished.

Notes
Turn   | Place    | Note
-------+----------+-------------------------------------------
     0 | D:1      | lunkers the Merfolk Transmuter began the quest for the Orb.
     0 | D:1      | Reached XP level 1. HP: 15/15 MP: 3/3
   211 | D:1      | Reached skill level 3 in Transmutations
   383 | D:1      | Reached XP level 2. HP: 21/21 MP: 3/5
   976 | D:1      | Found Jazibyte's Book Shop.
  1639 | D:2      | Reached XP level 3. HP: 22/26 MP: 4/6
  1643 | D:2      | Learned a level 3 spell: Spider Form
  1749 | D:2      | Found Qeminuop's Antique Armour Shop.
  2265 | D:2      | Reached skill level 4 in Transmutations
  2528 | D:2      | Found an ancient bone altar of Kikubaaqudgha.
  2538 | D:2      | Noticed Terence
  2547 | D:2      | Killed Terence
  2548 | D:2      | Reached XP level 4. HP: 28/32 MP: 0/7
  3312 | D:3      | Reached skill level 5 in Transmutations
  3336 | D:3      | Reached skill level 5 in Unarmed Combat
  3336 | D:3      | Reached XP level 5. HP: 33/37 MP: 1/8
  3597 | D:3      | Found an iron altar of Okawaru.
  3826 | D:3      | Became a worshipper of Warmaster Okawaru
  4364 | D:4      | Found a broken altar of Ashenzari.
  4441 | D:4      | Reached skill level 6 in Transmutations
  4441 | D:4      | Reached XP level 6. HP: 26/43 MP: 5/9
  4844 | D:5      | Entered Level 5 of the Dungeon
  5009 | D:4      | Learned a level 5 spell: Hydra Form
  5455 | D:5      | Noticed an ice beast
  5546 | D:5      | Killed an ice beast
  5547 | D:5      | Reached skill level 7 in Transmutations
  5547 | D:5      | Reached XP level 7. HP: 32/48 MP: 6/10
  5704 | D:5      | Reached * piety under Okawaru
  5954 | D:5      | Reached skill level 8 in Transmutations
  6219 | D:5      | Reached XP level 8. HP: 41/54 MP: 5/11
  6256 | D:5      | Reached skill level 9 in Transmutations
  6729 | D:5      | Found a runed translucent gate.
  6729 | D:5      | Found a runed translucent gate.
  6732 | D:5      | Noticed thegreatwait's ghost (novice FoFi)
  6735 | D:5      | Found a runed translucent gate.
  6771 | D:5      | Reached ** piety under Okawaru
  7270 | D:4      | Succumbed to a gnoll shaman's poison

Illustrated notes

Levels and vault maps discovered:
D:1:      lightli_arrival_noodles, layout_loops_ring, serial_shops, shop
D:2:      layout_rooms, serial_shops, shop, basic_altar, st_stairs_10,
          uniq_terence
D:3:      layout_rooms, okawaru_altar_gauntlet_db
D:4:      layout_basic, marbit_many_paths, ashenzari_conservatory_becter,
          serial_shops, kennysheep_little_box
D:5:      minmay_diamond_boxcup, layout_loops_ring,
          nicolae_overflow_hidden_temple, ebering_ghost_rock_garden,
          grunt_tough_drop

Skill      XL: |  1  2  3  4  5  6  7  8 |
---------------+-------------------------+-----
Transmutations | 3 4 5 6 7 8 9 |  9.5
Unarmed Combat | 4 5 6 7 8 |  8.3
Fighting       | |  1.1
Dodging        | |  2.6
Spellcasting   | |  2.0

Action                   |  1- 3 |  4- 6 |  7- 9 || total
-------------------------+-------+-------+-------++-------
Melee: Unarmed           |   128 |   119 |    89 ||   336
       Headbutt          |     8 |       |       ||     8
       Punch             |     5 |       |     1 ||     6
 Cast: Beastly Appendage |    26 |     2 |       ||    28
       Spider Form       |     1 |    20 |    11 ||    32
Invok: Heroism           |       |       |     1 ||     1
  Use: Potion            |       |       |     2 ||     2
 Stab: Sleeping          |     1 |     1 |       ||     2
Armor: Robe              |    17 |     6 |     2 ||    25
       Skin              |       |     5 |     1 ||     6
Dodge: Dodged            |    94 |    81 |    68 ||   243

Table legend: (Time is in decaauts)
 A = Elapsed time spent in this place.
 B = Non-inter-level travel time spent in this place.
 C = Inter-level travel time spent in this place.
 D = Time resting spent in this place.
 E = Time spent auto-exploring this place.
 F = Levels seen in this place.
 G = Mean time per level.
                   A        B        C        D        E       F      G
               +--------+--------+--------+--------+--------+-----+--------+
         Total |   7237 |   7054 |    183 |    808 |   5384 |   5 | 1447.4 |
       Dungeon |   7237 |   7054 |    183 |    808 |   5384 |   5 | 1447.4 |
               +--------+--------+--------+--------+--------+-----+--------+

Top non-repeatable levels by time:
     D:4: 1798 daAuts
     D:5: 1604 daAuts
     D:1: 1582 daAuts
     D:2: 1511 daAuts
     D:3: 740 daAuts
